 Dungeon Crawl Stone Soup version 0.29.0-4-gdea44cf6ec (webtiles) character file.

Game seed: 13576520392242901148

46 qw the Chopper (level 3, 0/21 HPs)
             Began as a Tengu Warper on Aug 28, 2022.
             Slain by Terence
             ... wielding a +0 mace
              (4 damage)
             ... on level 2 of the Dungeon.
             The game lasted 00:00:09 (1848 turns).

qw the Chopper (Tengu Warper)                       Turns: 1848, Time: 00:00:10

Health: 0/21       AC:  6    Str: 13    XL:     3   Next: 66%
Magic:  7/7        EV:  9    Int: 13    God:
Gold:   76         SH:  0    Dex: 13    Spells: 6/6 levels left

rFire   . . .      SeeInvis .   Y - +1 hand axe
rCold   . . .      Faith    .   (no shield)
rNeg    . . .      Spirit   .   e - +0 scale mail
rPois   .          Reflect  .   (helmet restricted)
rElec   .          Harm     .   (no cloak)
rCorr   .          Rampage  .   (no gloves)
Will    .....                   (boots unavailable)
Stlth   ..........              (no amulet)
HPRegen 0.07/turn               (no ring)
MPRegen 0.10/turn               (no ring)

@: about to teleport
A: beak, talons 3
a: no special abilities


You were on level 2 of the Dungeon.
You visited 1 branch of the dungeon, and saw 2 of its levels.

You collected 76 gold pieces.


Innate Abilities, Weirdness & Mutations

You have a beak for a mouth.
You have claws for feet.


   Skills:
 - Level 2.0 Fighting
 + Level 4.3 Axes
 - Level 1.0 Throwing
 - Level 1.1 Armour
 - Level 2.1 Dodging
 - Level 2.0 Spellcasting
 - Level 2.4 Translocations


You had 6 spell levels left.
You didn't know any spells.
Your spell library contained the following spells:

 Spells                   Type           Power      Damage    Failure   Level
 Blink                    Tloc           14%        N/A       56%         2
 Gell's Gravitas          Tloc           7%         N/A       80%         3
 Lesser Beckoning         Tloc           7%         N/A       80%         3
 Teleport Other           Tloc           7%         N/A       80%         3
 Manifold Assault         Tloc           7%         N/A       100%        5

Inventory:

Hand Weapons
 f - a +0 club
 Y - a +1 hand axe (weapon)
Armour
 e - a +0 scale mail (worn)
Jewellery
 b - a ring of fire
Scrolls
 a - a scroll of brand weapon {unknown}
 g - a scroll of silence {unknown}
 h - a scroll of noise {unknown}
Potions
 c - a potion of might {unknown}
 d - a potion of curing {unknown}
 i - a potion of heal wounds {unknown}
 j - a potion of lignification {unknown}
 o - a potion of magic {unknown}

Dungeon Overview and Level Annotations

Branches:
Dungeon (2/15)

Altars:

Annotations:
D:2 Terence


Message History

Enter note: You barely miss Terence.
Your kick misses Terence. Terence barely misses you.
You barely miss Terence. Your peck misses Terence. Terence closely misses you.
You barely miss Terence. You claw Terence.
Terence is lightly wounded.
Terence barely misses you.
You hit Terence but do no damage. Your peck misses Terence.
Terence is lightly wounded.
Terence barely misses you.
You hit Terence but do no damage. Your kick misses Terence.
Terence is lightly wounded.
Terence hits you with a +0 mace.
You closely miss Terence.
Terence is lightly wounded.
Terence hits you but does no damage.
You hit Terence but do no damage.
Terence is lightly wounded.
Terence hits you with a +0 mace.
You hit Terence.
Terence is lightly wounded.
Terence barely misses you.
You hit Terence.
Terence is moderately wounded.
Terence hits you but does no damage.
You barely miss Terence. You peck Terence, but do no damage.
Terence is moderately wounded.
Terence hits you with a +0 mace.
You hit Terence. You claw Terence. You peck Terence, but do no damage.
Terence is heavily wounded.
Terence closely misses you. Terence hits you with a +0 mace.
1847 ||| READING scroll of teleportation.
As you read the scroll of teleportation, it crumbles to dust.
You feel strangely unstable. Terence closely misses you.
You hit Terence. Your kick misses Terence. Your peck misses Terence.
Terence is severely wounded.
Terence hits you with a +0 mace.
You die...

...###### #...... ... ....#####
#...... ...###......# ####......
...........# #.........
.#..#.......# #.....#...
....#....)..###### #...(.#...
.##.#)#'###......#############...
..........+......'...............
.#.%#.#.###.....@#############.##
.#..#.#...+......@.............#
.#..#.#####...>..############..##
.##.#.# #......# #.... ....#.#
######## #####.### ......#
#........ ......#...... #.###.###
.....##..... #.# #.# #
#....##....# #.# #.# #


You could see Terence.

Vanquished Creatures
  An adder (D:2)
  A worm (D:2)
  A dart slug (D:2)
  4 bats
  4 endoplasms
  A giant cockroach (D:1)
  4 goblins (D:1)
  A hobgoblin (D:2)
  A jackal (D:1)
  5 ball pythons (D:2)
  2 frilled lizards (D:1)
  2 kobolds
  3 rats
30 creatures vanquished.

Notes
Turn   | Place    | Note
-------+----------+-------------------------------------------
     0 | D:1      | qw the Tengu Warper began the quest for the Orb.
     0 | D:1      | Reached XP level 1. HP: 12/12 MP: 4/4
     0 | D:1      | 0 ||| qw: Version: 0.1-a-89-g26bdef1
     0 | D:1      | 0 ||| qw: Game counter: 1503
     0 | D:1      | 0 ||| qw: Always use a shield: true
     0 | D:1      | 0 ||| qw: God list: Okawaru
     0 | D:1      | 0 ||| qw: Allow faded altars: false
     0 | D:1      | 0 ||| qw: Do Orc after D:15 true
     0 | D:1      | 0 ||| qw: Do second Lair branch before Depths: true
     0 | D:1      | 0 ||| qw: Lair rune preference: random
     0 | D:1      | 0 ||| qw: Plans: Normal
     0 | D:1      | 0 ||| PLANNING D:1-11
   186 | D:1      | Reached skill level 3 in Axes
   186 | D:1      | Reached XP level 2. HP: 12/17 MP: 6/6
  1163 | D:1      | 1163 ||| UPGRADING to +0 scale mail.
  1173 | D:1      | 1173 ||| DROPPING +0 leather armour.
  1174 | D:1      | 1174 ||| READING 3 scrolls labelled FEMIACVAMUN.
  1175 | D:1      | 1175 ||| READING scroll labelled WANNYO NUFUGG.
  1176 | D:1      | 1176 ||| READING scroll labelled PILAOV GUJAO.
  1177 | D:1      | 1177 ||| READING 2 scrolls labelled KAUGYI RAEDDOBB.
  1181 | D:1      | 1181 ||| READING scroll labelled OLOSAU KANUF.
  1182 | D:1      | 1182 ||| READING scroll labelled UFEHAD BEMEOM.
  1183 | D:1      | 1183 ||| READING scroll labelled HEITYAMUGO.
  1319 | D:1      | 1319 ||| DROPPING 2 scrolls of fear.
  1320 | D:1      | 1320 ||| DROPPING scroll of blinking.
  1375 | D:2      | 1375 ||| Stepping ~*~*~tactically~*~*~ (hiding).
  1384 | D:2      | Reached XP level 3. HP: 20/21 MP: 7/7
  1496 | D:2      | Found a faded altar of an unknown god.
  1508 | D:2      | Reached skill level 4 in Axes
  1833 | D:2      | Noticed Terence
  1846 | D:2      | HP: 4/21 [Terence/+0 mace (2)]
  1847 | D:2      | 1847 ||| READING scroll of teleportation.
  1848 | D:2      | Slain by Terence

Levels and vault maps discovered:
D:1:      dpeg_arrival_brainrot, layout_basic
D:2:      layout_basic, nicolae_ecumenical_snake_handling, uniq_terence

Skill      XL: |  1  2  3 |
---------------+----------+-----
Axes           | 3 4 |  4.3
Fighting       | |  2.0
Throwing       | |  1.0
Armour         | |  1.1
Dodging        | |  2.1
Spellcasting   | |  2.0
Translocations | |  2.4

Action                   || total
-------------------------++-------
Melee: Hand axe          ||    83
       Kick              ||    20
       Peck              ||     9
       Punch             ||     1
Throw: Boomerang         ||     7
  Use: Scroll            ||     8
Armor: Leather armour    ||    17
       Scale mail        ||    11
Dodge: Dodged            ||    29

Table legend:
 A = Non-vault XP
 B = Vault XP
 C = Vault XP percentage of total XP
 D = Non-vault monster count
 E = Vault monster count
 F = Vault count percentage of total count
                 A         B        C        D         E       F
            +---------+---------+-------+---------+---------+-------
      Total |      59 |       7 |  10.6 |      26 |       4 |  13.3
            +---------+---------+-------+---------+---------+-------
        D:1 |      27 |       2 |   6.9 |      16 |       1 |   5.9
        D:2 |      32 |       5 |  13.5 |      10 |       3 |  23.1
            +---------+---------+-------+---------+---------+-------
